 Dungeon Crawl Stone Soup version 0.22-a0-443-g17c3723 (webtiles) character file.

16 Gorglomux the Shield-Bearer (level 2, 0/27 HPs)
             Began as a Deep Dwarf Fighter on June 1, 2018.
             Killed from afar by Sigmund (11 damage)
             ... with a puff of flame
             ... on level 3 of the Dungeon.
             The game lasted 00:00:20 (404 turns).

Gorglomux the Shield-Bearer (Deep Dwarf Fighter)     Turns: 404, Time: 00:00:21

Health: 0/27       AC:  6    Str: 24    XL:     2   Next: 37%
Magic:  2/2        EV:  7    Int:  8    God:
Gold:   44         SH:  9    Dex: 12    Spells: 1/1 levels left

rFire    . . .     SeeInvis .   a - +0 war axe
rCold    . . .     Gourm    .   c - +0 shield
rNeg     . . .     Faith    .   b - +0 scale mail
rPois    .         Spirit   .   (no helmet)
rElec    .         Reflect  .   (no cloak)
rCorr    .         Harm     .   (no gloves)
MR       .....                  (no boots)
Stlth    ..........             (no amulet)
HPRegen  0.00/turn              (no ring)
MPRegen  0.08/turn              (no ring)

@: mighty, non-regenerating
A: damage resistance, heal wounds, sense surroundings 1, no regeneration
a: Heal Wounds


You were on level 3 of the Dungeon.
You were not hungry.

You visited 1 branch of the dungeon, and saw 3 of its levels.

You collected 44 gold pieces.

Inventory:

Hand Weapons
 a - a +0 war axe (weapon)
Armour
 b - a +0 scale mail (worn)
 c - a +0 shield (worn)
Potions
 h - 3 potions of heal wounds {unknown}
Comestibles
 f - 3 rations
 g - 8 chunks of flesh


   Skills:
 + Level 2.9 Fighting
 + Level 2.5 Axes
 + Level 3.5 Armour
 + Level 3.5 Shields


You had one spell level left.
You didn't know any spells.
Your spell library was empty.

Dungeon Overview and Level Annotations

Branches:
Dungeon (3/15)

Altars:

Annotations:
D:3 Sigmund


Innate Abilities, Weirdness & Mutations

You are resistant to damage.
You can heal yourself by infusing magical energy.
You passively map a small area around you.
You do not regenerate.


Message History

A puff of flame appears from out of thin air!!!
The puff of flame hits you!!!
You barely miss something! Something hits you but does no damage!
Butt miss something!
You butt something's attack!
You butt-ly miss something!
Something hits you but does no damage!
You miss something! Something hits you!
You miss something!
Something hits butt!
You miss something!
You hear some strange, mumbled words!
A puff of flame appears from out of thin air!!!
You block the puff of flame!
You hear some strange, mumbled words!
Something tries to affect you, but you resist!
You miss something! Something hits you but does no damage!
You barely miss something! Something hits you butt does no damage!
You butt-ly miss something!
You hear some strange, mumbled words!
A puff of flame appears from out of thin air!!!
The puff of flame hits you!!! rip

#####.# #.##.# ,,,
, ,...#.# #.##.. >#
#.#.#####.##.. #.*
#.........##... *
#.###.#.########.##
,*#.....#.# **
###$###.#
,,*##{..##.# **
,#<@!..#.# *
#.$.......... , *
#.........### * ,,
,.........=.##
#...#.....##
#...##...## #..
##..# , #.. ##.# *
* *


There were no monsters in sight!

Vanquished Creatures
  An orc (D:3)
  A giant cockroach (D:1)
  A goblin (D:3)
  4 hobgoblins
  A quokka (D:2)
  2 frilled lizards
  A kobold (D:1)
  3 rats
14 creatures vanquished.

Notes
Turn   | Place    | Note
-------+----------+-------------------------------------------
     0 | D:1      | Gorglomux the Deep Dwarf Fighter began the quest for the Orb.
     0 | D:1      | Reached XP level 1. HP: 20/20 MP: 1/1
   317 | D:2      | Reached XP level 2. HP: 24/27 MP: 2/2
   382 | D:3      | Noticed Sigmund
   404 | D:3      | Killed from afar by Sigmund

Vault maps used:
D:1:      lemuel_arrival_tunnels, serial_bayou_pond_c, hangedman_decor_lopped
D:2:      kb_forest_paths
D:3:      uniq_crazy_yiuf_cottage, uniq_sigmund

Action                   || total
-------------------------++-------
Melee: War axe           ||    50
  Use: Potion            ||     1
Armor: Scale mail        ||    24
Dodge: Dodged            ||    21
Block: Shield            ||    26

Table legend:
 A = Spawn XP
 B = Non-spawn XP
 C = Spawn XP percentage of total XP
 D = Spawn monster count
 E = Non-spawn monster count
 F = Spawn count percentage of total count
 G = Total turns spent on level
                    A         B        C        D         E        F      G
               +---------+---------+-------+---------+---------+-------+---------
         Total |       0 |      23 |   0.0 |       0 |      14 |   0.0 |   404
               +---------+---------+-------+---------+---------+-------+---------
           D:1 |       0 |       8 |   0.0 |       0 |       6 |   0.0 |   277
           D:2 |       0 |       8 |   0.0 |       0 |       5 |   0.0 |    88
           D:3 |       0 |       7 |   0.0 |       0 |       3 |   0.0 |    39
               +---------+---------+-------+---------+---------+-------+---------
